 Dungeon Crawl Stone Soup version 0.30-a0-457-g4b7bca3bfa (webtiles) character file.

Game seed: 16143378928392384111

10309 Sweetruy1997 the Cleaver (level 11, -3/126 HPs)
             Began as a Hill Orc Monk on Nov 30, 2022.
             Was a High Priest of Beogh.
             Slain by a kobold brigand
             ... wielding the +10 morningstar "Eos" {elec, Halo rElec}
              (20 damage)
             ... on level 9 of the Dungeon on Dec 13, 2022.
             The game lasted 00:31:14 (9691 turns).

Sweetruy1997 the Cleaver (Hill Orc Monk)            Turns: 9691, Time: 00:31:14

Health: -3/126     AC: 25    Str: 17    XL:     11   Next: 60%
Magic:  23/23      EV:  2    Int: 10    God:    Beogh [*****.]
Gold:   549        SH:  0    Dex: 15    Spells: 10/14 levels left

rFire   . . .      SeeInvis +    a - +4 hand axe (drain)
rCold   . . .      Faith    .    (no shield)
rNeg    . . .      Spirit   .    (body armour currently unavailable)
rPois   +          Reflect  .    (helmet currently unavailable)
rElec   .          Harm     .    (cloak currently unavailable)
rCorr   .          Rampage  .    (gloves currently unavailable)
Will    .....      NoTele   +    (boots currently unavailable)
Stlth   +.........               w - amulet of the acrobat
HPRegen 0.41/turn                e - ring of magical power
MPRegen 0.18/turn                b - ring of see invisible

@: tree-form, glowing
A: stationary, stasis, torment immunity, boosted hp, walk on water, (iridescent
scales 2)
a: Renounce Religion, Smiting, Recall Orcish Followers, Give Item to Named
Follower


You were on level 9 of the Dungeon.
You worshipped Beogh.
Beogh was extremely pleased with you.
You were a tree.
You visited 2 branches of the dungeon, and saw 10 of its levels.
You also visited: Bailey.

You collected 549 gold pieces.

Inventory:

Hand Weapons
 a - a +4 hand axe of draining (weapon)
Missiles
 q - 6 boomerangs (quivered)
Armour
 k - a +2 helmet (melded)
 p - a +0 pair of boots (melded)
 r - the +10 chain mail of the Salamander (melded) {Slay+2}
   (You took it off an orc on level 3 of the Dungeon)

   Slay:      It affects your accuracy & damage with ranged weapons and melee
   (+2).
 x - +1 fire dragon scales
 z - a +0 pair of gloves (melded)
Jewellery
 b - a ring of see invisible (right branch)
 e - a ring of magical power (left branch)
 w - an amulet of the acrobat (around neck)
Wands
 n - a wand of charming (15)
 y - a wand of polymorph (4)
Scrolls
 i - 3 scrolls of fog
 j - 2 scrolls of teleportation
 o - 2 scrolls of summoning
 s - a scroll of fear {unknown}
Potions
 c - 3 potions of heal wounds
 d - 3 potions of curing
 f - a potion of magic {unknown}
 g - 3 potions of brilliance
 h - 3 potions of degeneration {unknown}
 l - a potion of invisibility {unknown}
 m - 3 potions of lignification
 t - a potion of ambrosia
 u - 3 potions of resistance
 v - 2 potions of attraction


   Skills:
 - Level 4.0 Fighting
 - Level 14.0 Axes
 + Level 6.8 Throwing
 - Level 5.0 Armour
 + Level 6.7 Dodging
 + Level 3.2 Stealth
 - Level 2.0 Spellcasting
 - Level 4.0 Transmutations
 + Level 4.7 Poison Magic


You had 10 spell levels left.
You knew the following spells:

 Your Spells              Type           Power      Damage    Failure   Level
a - Sting                 Tmut/Pois      36%        1d4       5%          1
b - Poisonous Vapours     Pois/Air       10%        N/A       17%         2
c - Beastly Appendage     Tmut           18%        N/A       6%          1

Your spell library contained the following spells:

 Spells                   Type           Power      Damage    Failure   Level
 Wereblood                Tmut           9%         N/A       9%          2
 Spider Form              Tmut/Pois      9%         N/A       16%         3
 Kiss of Death            Conj/Necr      4%         2d5       30%         1
 Olgreb's Toxic Radiance  Pois           10%        N/A       41%         4
 Blink                    Tloc           2%         N/A       43%         2
 Momentum Strike          Conj/Tloc      2%         3d8       43%         2
 Confusing Touch          Hex            1%         N/A       67%         3
 Lesser Beckoning         Tloc           2%         N/A       67%         3
 Blade Hands              Tmut           4%         N/A       86%         5
 Animate Armour           Summ/Erth      2%         N/A       97%         4
 Dispel Undead            Necr           1%         3d6       97%         4
 Fireball                 Conj/Fire      0%         3d3       100%        5
 Iskenderun's Battlesphe  Conj           1%         2d6       100%        5
 Conjure Ball Lightning   Conj/Air       0%         3x3d6     100%        6
 Iron Shot                Conj/Erth      0%         9d1       100%        6
 Orb of Destruction       Conj           0%         9d5       100%        7


Dungeon Overview and Level Annotations

Branches:
Dungeon (9/15)             Temple (1/1) D:6          Bailey (visited)
   Lair: D:8-11         Orc: D:9-12

Altars:
Ashenzari
Cheibriados
Dithmenos
Elyvilon
Fedhas
Gozag
Hepliaklqana
Kikubaaqudgha
Makhleb
Nemelex Xobeh
Okawaru
Qazlal
Ru
Sif Muna
Trog
Uskayaw
Vehumet
Wu Jian
Xom
Yredelemnul
Zin
The Shining One
Beogh


Innate Abilities, Weirdness & Mutations

You are a tree.
Your roots penetrate the ground, keeping you stationary.
You cannot be teleported.
You are immune to unholy pain and torment.
Your maximum health is greatly increased.
Your equipment is partially melded.
You can walk on water.
((You are mostly covered in iridescent scales. (AC +4)))


Message History

You slash the centaur warrior! You drain the centaur warrior.
The tengu warrior hits you but does no damage.
The tengu warrior pecks you.
* * * LOW HITPOINT WARNING * * *
The tengu warrior completely misses you.
You hit the tengu warrior.
The tengu warrior is almost dead.
You slash the centaur warrior! You drain the centaur warrior.
The centaur warrior hits you but does no damage.
The centaur warrior kicks you but does no damage.
Unknown command.
You hit the tengu warrior.
You kill the tengu warrior!
Beogh accepts your kill.
Beogh blesses Marbork with improved armour.
Your orc wizard looks more experienced.
Marbork looks more experienced.
You hit the centaur warrior but do no damage.
You drain the centaur warrior.
The centaur warrior hits you but does no damage.
The centaur warrior barely misses you.
You slash the centaur warrior!
You kill the centaur warrior!
Beogh accepts your kill.
Marbork no longer looks unusually strong.
An orc wizard comes into view. It is wielding a +0 dagger.
Arbolt roars a battlecry!
Your orc wizard goes into a battle-frenzy!
You barely miss the kobold brigand.
The kobold brigand is moderately wounded.
You barely miss the kobold brigand.
The kobold brigand is moderately wounded.
The kobold brigand hits you with the +10 morningstar "Eos" {elec, Halo rElec}!
* * * LOW HITPOINT WARNING * * *
Your orc wizard casts a spell.
Your orc wizard flickers and vanishes for a moment.
You closely miss the kobold brigand.
The kobold brigand is moderately wounded.
The kobold brigand hits you but does no damage.
You are electrocuted!!
You die...

#.o# #...# #..... #..# #...# ..#
##...<. #o.# #.... o.# #......
#o.# #.. ..# #...... #o.# #.. ..#
#...... #o.# #.. ##.. ####
##...## #o## #.. #..#..... #..##
#o# #.. #))...... #..# #o#
#..##♣K.##### ##.# #o#
#..#o####...#### #.# #o#
#.oo##o........###.# #o#
#.)oooo.)..))......# #o#
#..o..)))........###
##o#########................##
..o..ooo.....####+##.........#
.....###o#####.....#.........####
.....#...o.........#.............


You could see a kobold brigand (very drained, ally target), an orc wizard
(distracted), the friendly Arbolt the orc knight, 2 friendly orc wizards and a
friendly orc (strong).

Vanquished Creatures
  2 vault guards (Bailey)
  A centaur warrior (D:9)
  A tengu warrior (D:9)
  A hornet (D:8)
  Grinder (D:4)
  Sigmund (D:2)
  A vampire (D:9)
  2 yaks (D:9)
  2 humans (Bailey)
  2 steam dragons
  A water moccasin (D:6)
  A sky beast (D:6)
  2 ice beasts
  An orc warrior (Bailey)
  2 centaurs
  The ghost of PimpSugar the Magician, an amateur DsHW (D:3)
  A phantom (D:5)
  3 kobold brigands
  14 bullfrogs
  3 scorpions
  A gnoll sergeant (D:9)
  A necrophage (D:4)
  6 wights (D:9)
  31 killer bees (D:8)
  2 howler monkeys
  6 hounds
  3 jellies
  Crazy Yiuf (D:3)
  3 iguanas (D:7)
  3 orc wizards
  8 gnolls
  6 adders
  A shadow imp (D:7)
  3 white imps
  2 worms
  7 dart slugs
  21 orcs
  7 ball pythons
  A bat zombie (D:6)
  10 endoplasms
  2 giant cockroaches (D:3)
  11 goblins
  7 hobgoblins
  15 jackals
  7 kobolds
  2 quokkas
  5 bats
  5 frilled lizards
  8 rats
  A rat zombie (D:6)
229 creatures vanquished.

Vanquished Creatures (collateral kills)
  A two-headed ogre (D:9)
  A skeletal warrior (D:9)
  Prince Ribbit (Bailey)
  A hornet (D:9)
  A wraith (D:9)
  A steam dragon (D:9)
  An ice beast (D:7)
  A bullfrog (D:9)
  A necrophage (D:7)
  5 wights (D:9)
  8 killer bees
  A hound (D:7)
  An orc priest (D:9)
  A jelly (D:7)
  2 iguanas (D:7)
  An orc wizard (D:9)
  A gnoll (D:9)
  An adder (D:6)
  A dart slug (D:7)
  An orc (D:9)
  A hobgoblin (Bailey)
  A rat zombie (D:6)
34 creatures vanquished.

Vanquished Creatures (others)
  2 orc warriors
  A scorpion (D:5)
  3 orcs
  3 fungi (D:3)
9 creatures vanquished.

Grand Total: 272 creatures vanquished

Notes
Turn   | Place    | Note
-------+----------+-------------------------------------------
     0 | D:1      | Sweetruy1997 the Hill Orc Monk began the quest for the Orb.
     0 | D:1      | Reached XP level 1. HP: 19/19 MP: 1/1
   170 | D:1      | Reached XP level 2. HP: 27/27 MP: 2/2
   363 | D:1      | Reached XP level 3. HP: 18/33 MP: 3/3
   542 | D:1      | Reached skill level 5 in Axes
   954 | D:2      | Reached XP level 4. HP: 30/40 MP: 4/4
  1225 | D:2      | Found a glowing silver altar of Zin.
  1235 | D:2      | Noticed Sigmund
  1261 | D:2      | Killed Sigmund
  1262 | D:2      | Reached skill level 7 in Axes
  1262 | D:2      | Reached skill level 1 in Armour
  1262 | D:2      | Reached XP level 5. HP: 24/46 MP: 5/5
  1262 | D:2      | Reached XP level 6. HP: 28/52 MP: 6/6
  1356 | D:2      | Learned a level 1 spell: Sting
  1359 | D:2      | Learned a level 2 spell: Poisonous Vapours
  2031 | D:3      | Found a runed translucent gate.
  2031 | D:3      | Found a runed translucent gate.
  2031 | D:3      | Found a runed translucent gate.
  2635 | D:3      | Found a faded altar of an unknown god.
  2733 | D:3      | Noticed PimpSugar's ghost (amateur DsHW)
  2750 | D:3      | Reached skill level 1 in Spellcasting
  2831 | D:3      | Identified the +10 chain mail of the Salamander {Slay+2}
  2948 | D:3      | Found a runed translucent door.
  2949 | D:3      | Noticed Crazy Yiuf
  3058 | D:3      | Found a roughly hewn altar of Beogh.
  3197 | D:3      | Killed PimpSugar's ghost
  3345 | D:3      | Became a worshipper of Beogh the Brigand
  3345 | D:3      | Reached * piety under Beogh
  3345 | D:3      | Reached ** piety under Beogh
  3694 | D:3      | Killed Crazy Yiuf
  3695 | D:3      | Reached XP level 7. HP: 17/59 MP: 9/9
  3881 | D:4      | Reached skill level 1 in Transmutations
  3881 | D:4      | Reached skill level 1 in Poison Magic
  4084 | D:4      | Noticed Grinder
  4092 | D:4      | Paralysed by Grinder for 2 turns
  4101 | D:4      | Reached skill level 1 in Throwing
  4106 | D:4      | Reached skill level 8 in Axes
  4119 | D:4      | Killed Grinder
  4270 | D:4      | Noticed a water elemental
  4272 | D:4      | Found a stormy altar of Qazlal.
  4575 | D:4      | Reached XP level 8. HP: 66/66 MP: 10/10
  4744 | D:4      | Noticed an air elemental
  5102 | D:4      | Upgraded the game from 0.30-a0-377-g5cb311bc9f to
                  | 0.30-a0-424-g7412bad402
  5153 | D:5      | Entered Level 5 of the Dungeon
  5168 | D:5      | Found an ornate altar of the Wu Jian Council.
  5184 | D:5      | Upgraded the game from 0.30-a0-424-g7412bad402 to
                  | 0.30-a0-457-g4b7bca3bfa
  5274 | D:5      | Reached skill level 9 in Axes
  5355 | D:5      | Gained mutation: You are dopey. (Int -2) [potion of
                  | mutation]
  5355 | D:5      | Gained mutation: You have hidden genetic potential. [potion
                  | of mutation]
  5355 | D:5      | Gained mutation: You have a pair of small antennae on your
                  | head. [potion of mutation]
  5356 | D:5      | Lost mutation: You are dopey. (Int -2) [potion of mutation]
  5356 | D:5      | Lost mutation: You have hidden genetic potential. [potion
                  | of mutation]
  5356 | D:5      | Lost mutation: You have a pair of small antennae on your
                  | head. [potion of mutation]
  5356 | D:5      | Gained mutation: You are strong-willed. (Will+) [potion of
                  | mutation]
  5356 | D:5      | Gained mutation: You are agile. (Dex +4, Str/Int -1)
                  | [potion of mutation]
  5356 | D:5      | Gained mutation: You expend magic power (3 MP) to
                  | strengthen your wands. [potion of mutation]
  5357 | D:5      | Lost mutation: You are strong-willed. (Will+) [potion of
                  | mutation]
  5357 | D:5      | Lost mutation: You are agile. (Dex +4, Str/Int -1) [potion
                  | of mutation]
  5357 | D:5      | Lost mutation: You expend magic power (3 MP) to strengthen
                  | your wands. [potion of mutation]
  5357 | D:5      | Gained mutation: You are partially covered in iridescent
                  | scales. (AC +2) [potion of mutation]
  5357 | D:5      | Gained mutation: You are mostly covered in iridescent
                  | scales. (AC +4) [potion of mutation]
  5903 | D:6      | Found a sparkling altar of Nemelex Xobeh.
  5930 | D:6      | Reached skill level 10 in Axes
  5978 | D:6      | Reached *** piety under Beogh
  6166 | D:6      | Found a staircase to the Ecumenical Temple.
  6175 | Temple   | Entered the Ecumenical Temple
  6532 | D:6      | Reached XP level 9. HP: 71/71 MP: 11/11
  6549 | D:6      | Found an ancient bone altar of Kikubaaqudgha.
  6932 | D:7      | Reached skill level 11 in Axes
  6932 | D:7      | Reached skill level 5 in Armour
  7254 | D:7      | Found a snail-covered altar of Cheibriados.
  7455 | D:8      | Reached **** piety under Beogh
  7593 | D:8      | Reached skill level 12 in Axes
  7633 | D:8      | Noticed a hornet
  7655 | D:8      | Reached XP level 10. HP: 51/78 MP: 13/13
  7681 | D:8      | Found a flagged portal.
  7701 | Bailey   | Entered a bailey
  7778 | Bailey   | Reached skill level 13 in Axes
  7851 | Bailey   | Noticed a vault guard
  7851 | Bailey   | Noticed Prince Ribbit
  7867 | Bailey   | Killed a vault guard
  7877 | Bailey   | Killed Prince Ribbit
  7908 | Bailey   | Learned a level 1 spell: Beastly Appendage
  7941 | Bailey   | Noticed a vault guard
  7949 | Bailey   | Reached ***** piety under Beogh
  7950 | Bailey   | Reached skill level 14 in Axes
  7967 | Bailey   | Killed a vault guard
  7968 | Bailey   | Reached skill level 5 in Dodging
  8730 | D:8      | Reached XP level 11. HP: 81/84 MP: 14/14
  8867 | D:8      | Found a blossoming altar of Fedhas.
  9452 | D:9      | Reached skill level 5 in Throwing
  9592 | D:9      | Gained Arbolt as an ally
  9628 | D:9      | Noticed a skeletal warrior
  9658 | D:9      | Killed a skeletal warrior
  9661 | D:9      | Noticed a tengu warrior
  9664 | D:9      | Noticed a two-headed ogre
  9665 | D:9      | Noticed a centaur warrior
  9675 | D:9      | Killed a two-headed ogre
  9687 | D:9      | Killed a tengu warrior
  9687 | D:9      | Gained Marbork as an ally
  9688 | D:9      | Killed a centaur warrior
  9691 | D:9      | Slain by a kobold brigand

Illustrated notes

Levels and vault maps discovered:
D:1:      minmay_arrival_solitary_statue, layout_basic
D:2:      layout_loops_ring, basic_altar, minivault_5, supply_closet_lemuel,
          uniq_sigmund
D:3:      layout_rooms, chequers_ecumenical_altar_island,
          biasface_ghost_orc_armoury, nicolae_titane, uniq_crazy_yiuf_cottage
D:4:      layout_layer_cave, nicolae_qazlal_style_of_elements,
          grunt_ministairs_4, grunt_decor_clamped, minmay_misc_feat_encased,
          uniq_grinder
D:5:      layout_cave_pools, mainiacjoe_overflow_alcove_4
D:6:      layout_basic, lemuel_zombie_altar_kikubaaqudgha,
          mainiacjoe_overflow_catwalk, minmay_temple_entry_large_hall
D:7:      layout_cave_pools, kennysheep_slug_shrine, minmay_fountain_box,
          st_stairs_2
D:8:      wad_woods_minihive, layout_basic, mainiacjoe_overflow_small_starburst,
          enter_bailey_2
D:9:      layout_irregular_city, minmay_pinched_square
Temple:   nicolae_temple_slightly_damp_pantheon

Skill      XL: |  1  2  3  4  5  6  7  8  9 10 11 |
---------------+----------------------------------+-----
Fighting       | 4 |  4.0
Axes           | 5 7 8 10 12 14 | 14.0
Armour         | 1 2 4 5 |  5.0
Dodging        | 3 4 5 6 |  6.7
Spellcasting   | 1 2 |  2.0
Transmutations | 1 2 3 4 |  4.0
Poison Magic   | 1 3 4 |  4.7
Throwing       | 2 4 6 |  6.8
Stealth        | 2 3 |  3.2

Action                   |  1- 3 |  4- 6 |  7- 9 | 10-12 || total
-------------------------+-------+-------+-------+-------++-------
Melee: Hand axe          |   114 |   168 |   306 |   253 ||   841
       Punch             |     3 |     2 |     3 |       ||     8
       Kick              |       |       |       |     9 ||     9
       Headbutt          |       |       |       |     3 ||     3
Throw: Boomerang         |       |     5 |    47 |    47 ||    99
 Cast: Sting             |       |    39 |       |     1 ||    40
       Beastly Appendage |       |       |       |     1 ||     1
  Use: Potion            |       |     3 |     7 |     3 ||    13
       Scroll            |       |     9 |    14 |     2 ||    25
 Stab: Distracted        |       |       |     1 |       ||     1
Armor: Robe              |     3 |       |       |       ||     3
       Ring mail         |    55 |    74 |       |       ||   129
       Chain mail        |       |       |   271 |   127 ||   398
       Skin              |       |       |       |    33 ||    33
Dodge: Dodged            |    99 |    99 |   165 |    89 ||   452

Table legend: (Time is in decaauts)
 A = Elapsed time spent in this place.
 B = Non-inter-level travel time spent in this place.
 C = Inter-level travel time spent in this place.
 D = Time resting spent in this place.
 E = Time spent auto-exploring this place.
 F = Levels seen in this place.
 G = Mean time per level.
                   A        B        C        D        E       F      G
               +--------+--------+--------+--------+--------+-----+--------+
         Total |   9503 |   9113 |    390 |    487 |   6729 |  11 |  863.9 |
       Dungeon |   8897 |   8525 |    372 |    388 |   6392 |   9 |  988.6 |
        Temple |    182 |    164 |     18 |      0 |    147 |   1 |  182.0 |
        Bailey |    423 |    423 |      0 |     99 |    190 |   1 |  423.0 |
               +--------+--------+--------+--------+--------+-----+--------+

Top non-repeatable levels by time:
     D:3: 1754 daAuts
     D:4: 1345 daAuts
     D:8: 1204 daAuts
     D:2: 1097 daAuts
     D:1: 930 daAuts
     D:6: 911 daAuts
     D:7: 602 daAuts
     D:5: 546 daAuts
     D:9: 504 daAuts
  Bailey: 423 daAuts
  Temple: 182 daAuts
